 Dungeon Crawl Stone Soup version 0.30.1-11-g7821555f0a (webtiles) character file.

Game seed: 6095941912539944438

287 Immmp the Chopper (level 6, -1/57 HPs)
             Began as a Minotaur Berserker on Nov 4, 2023.
             Was a Believer of Trog.
             Slain by an ogre
             ... wielding a +0 giant club
              (16 damage)
             ... on level 3 of the Dungeon.
             The game lasted 00:21:50 (2272 turns).

Immmp the Chopper (Minotaur Berserker)              Turns: 2272, Time: 00:21:50

Health: -1/57      AC: 12    Str: 23    XL:     6   Next: 8%
Magic:  5/5        EV:  7    Int:  4    God:    Trog [**....]
Gold:   74         SH:  0    Dex: 10    Spells: 5/5 levels left

rFire   . . .        o - +0 battleaxe
rCold   . . .        (shield currently unavailable)
rNeg    . . .        m - +0 plate armour
rPois   .            (helmet restricted)
rElec   .            (no cloak)
rCorr   .            (no gloves)
SInv    .            k - +0 pair of boots
Will    .....        (no amulet) Stlth
                     (no ring)
HPRegen 0.29/turn    (no ring)
MPRegen 0.09/turn

%: no passive effects
@: no status effects
A: horns 2, retaliatory headbutt
a: Renounce Religion, Berserk, Trog's Hand


You were on level 3 of the Dungeon.
You worshipped Trog.
Trog was pleased with you.
You visited 1 branch of the dungeon, and saw 3 of its levels.

You collected 74 gold pieces.

Inventory:

Hand Weapons
 a - a +0 hand axe
 b - a +0 short sword of venom
 n - a +2 scythe of venom
 o - a +0 battleaxe (weapon)
Armour
 f - a +0 ring mail
 k - a +0 pair of boots (worn)
 m - a +0 plate armour (worn)
 q - a +0 scale mail
Wands
 p - a wand of light (2)
Scrolls
 g - 2 scrolls of immolation {unknown}
 h - 5 scrolls of identify {unknown}
 l - 2 scrolls of poison {unknown}
 r - a scroll of fog {unknown}
Potions
 c - a potion of invisibility {unknown}
 d - 2 potions of attraction {unknown}
 e - a potion of might {unknown}
 i - a potion of degeneration {unknown}
 j - 2 potions of lignification {unknown}


   Skills:
 * Level 5.7 Fighting
 * Level 6.3 Axes
 - Level 3.0 Armour
 + Level 2.9 Dodging
 + Level 0.3 Stealth


You had 5 spell levels left.
You didn't know any spells.
Your spell library was empty.

Dungeon Overview and Level Annotations

Branches:
Dungeon (3/15)

Altars:


Innate Abilities, Weirdness & Mutations

You have a pair of horns on your head.
You reflexively headbutt those who attack you in melee.


Message History

Found 8 gold pieces.
There is a faded altar of an unknown god here.
There is a faded altar of an unknown god here.
There are no items here.
There is an abandoned shop here.
There are no items here.
There is a faded altar of an unknown god here.
There is a faded altar of an unknown god here.
There are no items here.
There are no items here.
There is an abandoned shop here.
You now have 74 gold pieces (gained 8).
There is a stone staircase leading up here.
A goblin comes into view. It is wielding a +0 club.
The goblin shouts!
Found a dagger.
You closely miss the goblin. The goblin barely misses you.
The goblin closely misses you.
You barely miss the goblin. The goblin barely misses you.
You furiously retaliate!
You headbutt the goblin.
You kill the goblin!
Trog accepts your kill.
You see here a +0 club.
Found a scroll labelled JANKAM YSKI.
r - a scroll labelled JANKAM YSKI An ogre comes into view.
It is wielding a +0 giant club.
The ogre shouts!
Press: ? - help, v - describe, . - travel
Here: an ogre, wielding a +0 giant club The floor.
Unknown command.
Press: ? - help, v - describe, . - travel
Here: an ogre, wielding a +0 giant club The floor.
The ogre hits you with a +0 giant club!!
The ogre attacks as you move away! The ogre hits you with a +0 giant club!
The ogre attacks as you move away! The ogre hits you with a +0 giant club!
* * * LOW HITPOINT WARNING * * *
The ogre attacks as you move away! The ogre hits you with a +0 giant club!
You die...

#.#.#
##############.#.#
#
...............#.#
.#
###########......#
.#
#...........#..#
#.#####.###.#..#
#.........)....#
########
#######O###.#.##
...... #@# #.# ).
....# #.#
#.############
#...# #.#
#............#
#...# #.#
############.#
#...# #.. #...#.#
##...## ###
#.#.#.# ##.._..##
#.#.#.# #...∩...##
#.#.#.#
...###...##
#.#.#.#


You could see an ogre.

Vanquished Creatures
  Sigmund (D:2)
  Natasha (thrice) (D:2)
  4 orcs (D:3)
  3 ball pythons (D:1)
  5 bats
  8 endoplasms
  4 goblins
  3 hobgoblins
  7 kobolds
  2 quokkas (D:2)
  3 frilled lizards
  6 rats
49 creatures vanquished.

Notes
Turn   | Place    | Note
-------+----------+-------------------------------------------
     0 | D:1      | Immmp the Minotaur Berserker began the quest for the Orb.
     0 | D:1      | Reached XP level 1. HP: 19/19 MP: 0/0
   360 | D:1      | Reached skill level 4 in Axes
   362 | D:1      | Reached XP level 2. HP: 26/27 MP: 1/1
  1108 | D:2      | Noticed Natasha
  1113 | D:2      | Killed Natasha
  1114 | D:2      | Reached XP level 3. HP: 34/34 MP: 2/2
  1230 | D:2      | Reached ** piety under Trog
  1257 | D:2      | Noticed Natasha
  1264 | D:2      | Killed Natasha
  1265 | D:2      | Reached XP level 4. HP: 41/41 MP: 3/3
  1305 | D:2      | Noticed Sigmund
  1313 | D:2      | Killed Sigmund
  1314 | D:2      | Reached skill level 5 in Fighting
  1314 | D:2      | Reached skill level 6 in Axes
  1314 | D:2      | Reached XP level 5. HP: 37/48 MP: 4/4
  1698 | D:2      | Noticed Natasha
  1705 | D:2      | Killed Natasha
  1706 | D:2      | Reached XP level 6. HP: 34/57 MP: 5/5
  2108 | D:3      | Found a faded altar of an unknown god.
  2272 | D:3      | Slain by an ogre

Illustrated notes

Levels and vault maps discovered:
D:1:      matt_arrival_grand_opening, layout_basic
D:2:      layout_rooms, dk_noncrumbling_2, uniq_sigmund, uniq_natasha
D:3:      layout_basic, hellmonk_ecumenical_altar_crossroads

Skill      XL: |  1  2  3  4 |
---------------+-------------+-----
Axes           | 4 6 |  6.3
Fighting       | 4 5 |  5.7
Armour         | 3 |  3.0
Dodging        | |  2.9
Stealth        | |  0.3

Action                     |  1- 3 |  4- 6 || total
---------------------------+-------+-------++-------
  Melee: Hand axe          |    50 |     5 ||    55
         Headbutt          |     5 |    12 ||    17
         Battleaxe         |       |    35 ||    35
    Use: Potion            |     2 |       ||     2
 Armour: Ring mail         |    24 |       ||    24
         Plate armour      |     2 |    21 ||    23
  Dodge: Dodged            |    34 |    12 ||    46
